General information
- name: BNet
- type: Ladder team game (AT/RT)
- host: Battle.net
- saver: Queue
map: Friends
- players: 8
- length: 29:27
- speed: Fast
- version: 1.26 W3XP
- replay type: Public
» download(180 KB)
Players
team 1 (loser)

»
Sinops17 (
green | 61 APM | 1798 actions | 29:26)
6 Mountain King
3 Storm Bolt
3 Bash
4 Pandaren Brewmaster
2 Breath of Fire
2 Drunken Brawler
» actions
| Assign group hotkey | 35 | |
| Basic commands | 103 | |
| Build / train | 55 | |
| Enter build submenu | 23 | |
| Enter hero's abilities submenu | 10 | |
| Give item / drop item | 2 | |
| Right click | 629 | |
| Select / deselect | 557 | |
| Select group hotkey | 271 | |
| Use ability | 112 | |
1798 total
» units
| Peasant | 8 | |
| Footman | 5 | |
| Priest | 2 | |
| Sorceress | 9 | |
24 total
» upgrades
| Masonry | 3 | |
| Lumber Harvesting | 2 | |
| Sorceress Training | 2 | |
7 total
» buildings
| Altar of Kings | 1 | |
| Farm | 6 | |
| Barracks | 1 | |
| Lumber Mill | 1 | |
| Arcane Vault | 1 | |
| Keep | 1 | |
| Scout Tower | 7 | |
| Guard Tower | 4 | |
| Castle | 1 | |
| Arcane Sanctum | 2 | |
| Arcane Tower | 1 | |
26 total
» build order
00:10 Altar of Kings
00:26 Farm
00:32 Farm
00:45 Barracks
01:26 Lumber Mill
01:39 Farm
02:08 Arcane Vault
03:08 Keep
04:12 Scout Tower
04:17 Scout Tower
04:18 Scout Tower
04:21 Scout Tower
04:22 Scout Tower
04:24 Scout Tower
04:25 Scout Tower
04:45 Guard Tower
05:34 Castle
05:51 Guard Tower
06:00 Arcane Sanctum
06:04 Arcane Sanctum
07:04 Guard Tower
07:12 Guard Tower
08:04 Arcane Tower
08:26 Farm
08:29 Farm
08:32 Farm
» items
| Scroll of Regeneration | 3 | |
| Orb of Fire | 2 | |
5 total
MKOWNSU. (
pink | 50 APM | 1215 actions | 24:09)
6 Mountain King
3 Storm Bolt
2 Bash
1 Avatar
» actions
| Assign group hotkey | 35 | |
| Basic commands | 52 | |
| Build / train | 72 | |
| Enter build submenu | 23 | |
| Enter hero's abilities submenu | 6 | |
| Remove unit from queue | 1 | |
| Right click | 412 | |
| Select / deselect | 169 | |
| Select group hotkey | 379 | |
| Use ability | 66 | |
1215 total
» units
| Peasant | 24 | |
| Gryphon Rider | 13 | |
| Goblin Shredder | 1 | |
| Goblin Zeppelin | 1 | |
39 total
» upgrades
| Masonry | 3 | |
| Lumber Harvesting | 1 | |
| Swords | 2 | |
| Armor | 2 | |
| Storm Hammers | 1 | |
9 total
» buildings
| Altar of Kings | 1 | |
| Farm | 11 | |
| Lumber Mill | 3 | |
| Scout Tower | 25 | |
| Guard Tower | 6 | |
| Keep | 3 | |
| Blacksmith | 1 | |
| Castle | 3 | |
| Gryphon Aviary | 2 | |
| Town Hall | 4 | |
| Arcane Vault | 1 | |
60 total
» build order
00:10 Altar of Kings
00:21 Farm
00:39 Lumber Mill
01:24 Scout Tower
01:28 Farm
01:57 Guard Tower
02:19 Farm
02:49 Keep
03:09 Scout Tower
03:12 Scout Tower
03:13 Scout Tower
03:14 Scout Tower
03:16 Scout Tower
03:52 Blacksmith
03:56 Guard Tower
04:05 Farm
04:08 Farm
04:10 Farm
04:12 Farm
04:14 Farm
04:15 Farm
04:16 Farm
04:23 Guard Tower
05:22 Castle
05:30 Guard Tower
05:54 Gryphon Aviary
06:33 Gryphon Aviary
07:07 Farm
10:01 Lumber Mill
10:25 Lumber Mill
12:30 Town Hall
15:22 Keep
15:22 Keep
16:49 Town Hall
19:19 Town Hall
20:14 Arcane Vault
20:21 Castle
20:21 Castle
21:03 Town Hall
21:40 Scout Tower
21:40 Scout Tower
21:41 Scout Tower
21:41 Scout Tower
21:42 Scout Tower
22:01 Scout Tower
22:02 Scout Tower
22:02 Scout Tower
22:03 Scout Tower
22:04 Scout Tower
22:04 Scout Tower
22:05 Scout Tower
22:28 Guard Tower
22:30 Scout Tower
22:30 Scout Tower
22:30 Scout Tower
» items
manbearpig54 (
blue | 29 APM | 686 actions | 24:02)
5 Crypt Lord
3 Spiked Carapace
2 Impale
4 Death Knight
2 Death Coil
2 Unholy Aura
3 Lich
2 Frost Nova
1 Frost Armor
» actions
| Basic commands | 12 | |
| Build / train | 65 | |
| Enter build submenu | 15 | |
| Enter hero's abilities submenu | 12 | |
| Right click | 289 | |
| Select / deselect | 240 | |
| Use ability | 53 | |
686 total
» units
| Acolyte | 2 | |
| Ghoul | 8 | |
| Crypt Fiend | 12 | |
| Frost Wyrm | 3 | |
25 total
» upgrades
| Creature Attack | 3 | |
| Creature Carapace | 3 | |
| Web | 1 | |
| Freezing Breath | 1 | |
8 total
» buildings
| Ziggurat | 8 | |
| Crypt | 1 | |
| Altar of Darkness | 1 | |
| Nerubian Tower | 6 | |
| Tomb of Relics | 1 | |
| Halls of the Dead | 3 | |
| Graveyard | 2 | |
| Black Citadel | 2 | |
| Spirit Tower | 1 | |
| Sacrificial Pit | 1 | |
| Boneyard | 1 | |
27 total
» build order
00:24 Ziggurat
00:28 Crypt
00:42 Altar of Darkness
01:09 Ziggurat
01:24 Nerubian Tower
01:49 Tomb of Relics
02:08 Nerubian Tower
02:08 Nerubian Tower
02:46 Ziggurat
03:28 Ziggurat
04:06 Halls of the Dead
04:06 Halls of the Dead
04:19 Nerubian Tower
04:28 Nerubian Tower
04:28 Nerubian Tower
04:54 Graveyard
07:39 Black Citadel
07:40 Black Citadel
08:45 Ziggurat
09:39 Spirit Tower
09:43 Ziggurat
10:06 Sacrificial Pit
12:00 Boneyard
21:00 Ziggurat
21:03 Ziggurat
21:54 Graveyard
» items
| Scroll of Regeneration | 1 | |
| Orb of Corruption | 1 | |
| Sobi Mask | 1 | |
| Sacrificial Skull | 1 | |
| Healing Wards | 1 | |
5 total

»
Winston-Wolf (
teal | 28 APM | 794 actions | 28:35)
1 Mountain King
1 Storm Bolt
» actions
| Assign group hotkey | 5 | |
| Basic commands | 63 | |
| Build / train | 50 | |
| Enter build submenu | 23 | |
| Enter hero's abilities submenu | 1 | |
| Right click | 390 | |
| Select / deselect | 218 | |
| Select group hotkey | 15 | |
| Use ability | 29 | |
794 total
» units
| Peasant | 8 | |
| Footman | 6 | |
| Mortar Team | 2 | |
| Siege Engine | 5 | |
| Priest | 3 | |
| Knight | 6 | |
30 total
» upgrades
| Masonry | 3 | |
| Plating | 1 | |
| Lumber Harvesting | 1 | |
| Swords | 1 | |
| Barrage | 1 | |
| Priest Training | 1 | |
8 total
» buildings
| Farm | 9 | |
| Altar of Kings | 1 | |
| Lumber Mill | 2 | |
| Scout Tower | 4 | |
| Arcane Tower | 1 | |
| Barracks | 1 | |
| Blacksmith | 1 | |
| Arcane Vault | 1 | |
| Keep | 1 | |
| Guard Tower | 2 | |
| Castle | 1 | |
| Workshop | 1 | |
| Arcane Sanctum | 1 | |
| Town Hall | 1 | |
27 total
» build order
00:14 Farm
00:25 Altar of Kings
00:34 Lumber Mill
00:56 Farm
01:12 Scout Tower
01:38 Farm
01:54 Arcane Tower
02:17 Farm
02:30 Barracks
03:01 Blacksmith
03:16 Lumber Mill
03:43 Arcane Vault
04:20 Scout Tower
04:28 Keep
04:54 Farm
05:00 Guard Tower
05:44 Scout Tower
06:20 Guard Tower
06:23 Farm
07:17 Castle
07:28 Farm
08:13 Workshop
08:19 Farm
09:03 Arcane Sanctum
09:27 Farm
11:42 Town Hall
18:43 Scout Tower
» items
| Scroll of Regeneration | 2 | |
| Lesser Clarity Potion | 1 | |
| Mechanical Critter | 1 | |
| Potion of Healing | 1 | |
5 total
team 2 (winner)
Wardancer (
red | 41 APM | 1201 actions | 29:26)
7 Warden
3 Shadow Strike
3 Blink
1 Spirit of Vengeance
» actions
| Assign group hotkey | 20 | |
| Basic commands | 75 | |
| Build / train | 70 | |
| ESC pressed | 1 | |
| Enter build submenu | 22 | |
| Enter hero's abilities submenu | 7 | |
| Right click | 340 | |
| Select / deselect | 408 | |
| Select group hotkey | 205 | |
| Use ability | 53 | |
1201 total
» units
| Wisp | 21 | |
| Faerie Dragon | 2 | |
| Druid of the Talon | 3 | |
| Chimaera | 16 | |
| Hippogryph | 7 | |
| Goblin Zeppelin | 1 | |
| Dryad | 1 | |
| Mountain Giant | 3 | |
54 total
» upgrades
| Corrosive Breath | 1 | |
| Strength of the Wild | 3 | |
4 total
» buildings
| Tree of Ages | 1 | |
| Altar of Elders | 1 | |
| Moon Well | 10 | |
| Ancient of Wonders | 1 | |
| Ancient of Wind | 1 | |
| Tree of Eternity | 1 | |
| Chimaera Roost | 2 | |
| Tree of Life | 2 | |
| Hunter's Hall | 1 | |
| Ancient of Lore | 1 | |
21 total
» build order
01:05 Tree of Ages
01:10 Altar of Elders
01:20 Moon Well
02:35 Ancient of Wonders
03:32 Ancient of Wind
03:50 Moon Well
04:08 Tree of Eternity
05:12 Moon Well
06:36 Chimaera Roost
06:57 Moon Well
08:34 Chimaera Roost
08:46 Moon Well
12:26 Moon Well
13:17 Tree of Life
13:47 Moon Well
14:40 Hunter's Hall
17:08 Ancient of Lore
18:53 Moon Well
21:29 Moon Well
24:47 Tree of Life
27:19 Moon Well
» items
| Potion of Healing | 1 | |
| Orb of Venom | 1 | |
2 total
Queue (
yellow | 58 APM | 1705 actions | 29:27)
10 Mountain King
3 Storm Bolt
3 Bash
1 Avatar
3 Thunder Clap
» actions
| Assign group hotkey | 173 | |
| Basic commands | 25 | |
| Build / train | 101 | |
| Enter build submenu | 34 | |
| Enter hero's abilities submenu | 10 | |
| Right click | 699 | |
| Select / deselect | 372 | |
| Select group hotkey | 209 | |
| Use ability | 82 | |
1705 total
» units
| Peasant | 11 | |
| Footman | 19 | |
| Goblin Shredder | 1 | |
| Goblin Zeppelin | 1 | |
| Gryphon Rider | 17 | |
| Dragonhawk Rider | 1 | |
50 total
» upgrades
| Masonry | 3 | |
| Swords | 3 | |
| Armor | 3 | |
| Animal War Training | 1 | |
| Storm Hammers | 1 | |
| Backpack | 1 | |
| Cloud | 1 | |
13 total
» buildings
| Altar of Kings | 1 | |
| Barracks | 1 | |
| Farm | 14 | |
| Scout Tower | 12 | |
| Arcane Tower | 2 | |
| Arcane Vault | 1 | |
| Keep | 1 | |
| Lumber Mill | 2 | |
| Blacksmith | 1 | |
| Castle | 1 | |
| Gryphon Aviary | 2 | |
| Town Hall | 1 | |
| Guard Tower | 9 | |
| Workshop | 1 | |
| Cannon Tower | 2 | |
51 total
» build order
00:03 Altar of Kings
00:05 Barracks
00:10 Farm
01:21 Farm
01:35 Scout Tower
02:07 Arcane Tower
02:07 Arcane Tower
02:15 Farm
03:04 Arcane Vault
03:22 Farm
03:55 Farm
04:41 Keep
05:06 Lumber Mill
05:12 Blacksmith
07:43 Castle
10:41 Gryphon Aviary
11:47 Town Hall
12:02 Gryphon Aviary
13:14 Scout Tower
13:15 Scout Tower
14:07 Guard Tower
14:08 Guard Tower
16:17 Lumber Mill
16:43 Farm
16:47 Farm
17:14 Scout Tower
17:18 Scout Tower
17:19 Scout Tower
18:51 Guard Tower
19:01 Guard Tower
19:33 Farm
19:37 Farm
20:27 Scout Tower
20:29 Scout Tower
20:30 Scout Tower
21:06 Farm
21:25 Guard Tower
21:30 Workshop
22:47 Farm
22:48 Farm
22:49 Farm
23:09 Guard Tower
23:10 Guard Tower
23:11 Cannon Tower
23:14 Scout Tower
23:16 Scout Tower
23:17 Scout Tower
25:21 Farm
» items
| Scroll of Regeneration | 6 | |
| Lesser Clarity Potion | 2 | |
| Potion of Healing | 1 | |
| Orb of Fire | 1 | |
| Belt of Giant Strength +6 | 2 | |
12 total
Duckmann (
orange | 26 APM | 764 actions | 29:26)
4 Blademaster
2 Mirror Image
1 Wind Walk
1 Critical Strike
3 Tauren Chieftain
2 Endurance Aura
1 War Stomp
» actions
| Basic commands | 17 | |
| Build / train | 80 | |
| Enter build submenu | 26 | |
| Enter hero's abilities submenu | 6 | |
| Remove unit from queue | 2 | |
| Right click | 251 | |
| Select / deselect | 303 | |
| Use ability | 79 | |
764 total
» units
| Peon | 6 | |
| Grunt | 4 | |
| Raider | 17 | |
| Goblin Shredder | 1 | |
| Shaman | 10 | |
| Demolisher | 1 | |
| Troll Batrider | 7 | |
46 total
» upgrades
| Pillage | 1 | |
| Ensnare | 1 | |
| Shaman Training | 2 | |
| Armor | 1 | |
| Melee Weapons | 1 | |
| Spiked Barricades | 1 | |
| Burning Oil | 1 | |
| Liquid Fire | 1 | |
| Ranged Weapons | 1 | |
10 total
» buildings
| Altar of Storms | 1 | |
| Orc Burrow | 7 | |
| War Mill | 3 | |
| Barracks | 1 | |
| Stronghold | 1 | |
| Voodoo Lounge | 1 | |
| Beastiary | 2 | |
| Spirit Lodge | 1 | |
| Fortress | 1 | |
| Watch Tower | 6 | |
| Great Hall | 1 | |
25 total
» build order
00:06 Altar of Storms
00:14 Orc Burrow
01:14 War Mill
01:38 Barracks
02:02 Orc Burrow
03:19 Stronghold
03:51 Voodoo Lounge
04:47 Orc Burrow
05:51 Beastiary
05:55 Beastiary
05:59 Spirit Lodge
08:35 Fortress
08:48 Orc Burrow
09:06 Watch Tower
09:26 Watch Tower
09:49 Orc Burrow
11:06 Orc Burrow
11:17 Watch Tower
12:23 Watch Tower
12:37 War Mill
14:06 Orc Burrow
16:40 Watch Tower
17:52 Watch Tower
20:22 War Mill
27:36 Great Hall
» items
| Scroll of Regeneration | 1 | |
| Potion of Healing | 2 | |
| Healing Salve | 3 | |
| Orb of Lightning | 1 | |
| Potion of Mana | 1 | |
| Lesser Clarity Potion | 1 | |
| Scroll of Town Portal | 1 | |
10 total

»
disowner (
purple | 51 APM | 1496 actions | 29:26)
3 Lich
2 Frost Nova
1 Frost Armor
» actions
| Assign group hotkey | 26 | |
| Basic commands | 29 | |
| Build / train | 66 | |
| Enter build submenu | 13 | |
| Enter hero's abilities submenu | 3 | |
| Right click | 514 | |
| Select / deselect | 372 | |
| Select group hotkey | 392 | |
| Use ability | 81 | |
1496 total
» units
| Acolyte | 3 | |
| Ghoul | 5 | |
| Crypt Fiend | 5 | |
| Banshee | 10 | |
| Necromancer | 13 | |
| Meatwagon | 5 | |
| Obsidian Statue | 1 | |
42 total
» upgrades
| Web | 1 | |
| Banshee Training | 2 | |
| Necromancer Training | 2 | |
| Skeletal Mastery | 1 | |
| Unholy Strength | 3 | |
| Unholy Armor | 3 | |
| Skeletal Longevity | 1 | |
| Exhume Corpses | 1 | |
14 total
» buildings
| Ziggurat | 7 | |
| Altar of Darkness | 1 | |
| Crypt | 1 | |
| Graveyard | 1 | |
| Halls of the Dead | 1 | |
| Nerubian Tower | 4 | |
| Tomb of Relics | 1 | |
| Black Citadel | 1 | |
| Temple of the Damned | 3 | |
| Slaughterhouse | 1 | |
21 total
» build order
00:17 Ziggurat
00:22 Altar of Darkness
00:28 Crypt
01:27 Graveyard
01:49 Ziggurat
03:11 Halls of the Dead
03:27 Nerubian Tower
04:04 Ziggurat
04:22 Ziggurat
05:00 Tomb of Relics
05:23 Ziggurat
05:38 Black Citadel
07:00 Temple of the Damned
07:01 Temple of the Damned
07:03 Temple of the Damned
07:10 Nerubian Tower
10:36 Ziggurat
14:08 Ziggurat
14:39 Nerubian Tower
14:41 Nerubian Tower
18:37 Slaughterhouse
Chat log
(00:18 / Allies) Wardancer: going chims
(00:21 / All) Queue: I HOPE THAT NONE OF YOU ARE CRANIALLY CHALLENGED HALF-WITS.
(00:51 / All) Sinops17: i am bruh
(02:04 / Allies) disowner: should i attempt banshees and steal there armies? :o
(03:26 / Allies) Wardancer: may icreep witih you yellow?
(03:31 / Allies) Queue: no
(03:37 / Allies) disowner: :o
(03:40 / Allies) disowner: team work!
(04:17 / Allies) Wardancer: purp come with me
(04:18 / Allies) disowner: kk
(05:36 / Allies) Wardancer: hey man
(05:40 / Allies) Wardancer: don't use my wells before me!
(05:46 / Allies) disowner: lol my bad needed some mana
(06:50 / Allies) disowner: gnnna heal up a lil in base
(09:14 / Allies) Queue: gold please
(09:17 / Allies) Wardancer: help me clear this?
(09:18 / Allies) Queue: if you have any spare
(09:30 / Allies) disowner: gnna nee dto get some expos
(10:53 / Allies) Wardancer: can anyone help?
(11:05 / Allies) disowner: lol if only i could get in ur zepp
(11:43 / Allies) disowner: theyre gnna hit soon
(12:32 / All) Sinops17: t
(13:01 / Allies) disowner: im absolutely gnna steal there best units
(13:10 / Allies) Wardancer: i'm ready to go
(13:12 / All) Winston-Wolf: tk
(13:15 / Allies) disowner: always wanted to try this
(13:16 / All) Winston-Wolf: you win ez
(13:20 / All) MKOWNSU.: lalw
(13:21 / All) disowner: no way
(13:22 / All) MKOWNSU.: fuck u p nigga
(13:31 / All) disowner: we must battle first
(13:42 / All) Sinops17: i dont want none of your banshees bro
(13:53 / All) disowner: u want me bad
(14:10 / All) MKOWNSU.: leave tela ur a nigger
(14:20 / Allies) disowner: meet up?
(14:24 / Allies) Wardancer: ya
(14:31 / Allies) disowner: omw
(14:41 / Allies) Queue: pink is stabbing
(14:55 / Allies) Wardancer: trade lumber for gold
(14:55 / All) Sinops17: hurry up or im leaving
(15:25 / Allies) Queue: PINK IS STABBING IDIOTS
(15:27 / Allies) Queue: hit elswhere
(15:40 / Allies) Queue: he will win us this you retards
(15:41 / Allies) Queue: back
(16:08 / Allies) Wardancer: out
(17:28 / Allies) Queue: tp
(18:38 / All) Sinops17: stupidest game ever
(18:44 / All) Sinops17: why am i still here
(18:44 / All) MKOWNSU.: ITS NOT OVER
(18:44 / All) Queue: yes, it has you in it
(18:45 / All) MKOWNSU.: IDIOT
(18:55 / All) Sinops17: pink killed blues heros in battle
(19:03 / All) Sinops17: doyou remember killing teals base?
(19:05 / All) Sinops17: oh no
(19:07 / All) Sinops17: that was pink wasnt it
(19:23 / Allies) Queue: gold please
(19:40 / Allies) Queue: ty
(19:54 / Allies) Queue: hit top middle I say
(19:55 / Allies) disowner: well banshees sucked so im gnna get necs and wagons
(20:27 / Allies) disowner: meet by me?
(20:28 / Allies) Wardancer: lets meet up again and attack
(20:48 / Allies) Queue: hit top middle
(21:36 / Allies) Queue: hit
(21:37 / Allies) disowner: kk wait for oj nd red
(21:49 / All) Winston-Wolf: pink has 3 mines... and is mass gryphs
(21:56 / All) Queue: he is also a stabber
(22:00 / All) Queue: so stfu teal
(22:03 / Allies) Wardancer: i don't know what that is?
(22:07 / Allies) Queue: team killer
(22:08 / All) Winston-Wolf: you better get off you asses or lose to a psycho shit tker
(22:10 / All) Sinops17: yellow
(22:11 / All) Sinops17: please
(22:13 / All) Sinops17: im battling pink
(23:13 / All) Winston-Wolf: lol
(23:31 / Allies) Wardancer: hail with griffs
(24:09 / All) Queue: you got raped 1v4
(24:09 / All) Queue: by your own team
(24:17 / All) Queue: because you suck cock
(24:32 / All) Queue: just GTFO and off yourself, do the world a favour faggot
(24:42 / All) Sinops17: woa bro
(24:43 / All) Sinops17: harsh
(24:57 / All) Sinops17: over a warcraft game?
(25:13 / All) Queue: my great grandma could do better at this game than you, and she's dead
(25:45 / All) Sinops17: thats wonderful
(25:50 / All) Queue: get the fuck out
(25:52 / All) Sinops17: not that shes dead, but that shes good at this game
(25:55 / All) Queue: FUCK
(25:55 / All) Queue: OUT
(26:01 / All) Sinops17: pms?
(26:10 / All) Queue: you lost nigger
(26:13 / All) Queue: you were raped by pink
(26:15 / All) Sinops17: once again
(26:16 / All) Queue: he is former rank #1 rt
(26:20 / All) Queue: his aka is KODOS_FORSAKEN
(26:23 / All) Sinops17: thats a fantastic observation
(26:26 / All) Queue: TY
(26:36 / All) Sinops17: teach me how to make such observations
(26:47 / All) Queue: np, it's only $85 per hour
(26:57 / All) Sinops17: great i make that in
(26:59 / All) Sinops17: about a day
(27:11 / All) disowner: oh plz oh plz....teach me how to dougie
(27:16 / All) Sinops17: lol
(27:23 / All) Sinops17: tu tu teach
(27:38 / All) Queue: ready
(27:40 / All) Queue: to get
(27:40 / All) disowner: banshees suck..i see tht now..had to improvise
(27:42 / All) Queue: raped?
(27:57 / All) Queue: gtfo
(28:09 / All) Sinops17: im helping you bro
(28:13 / All) Queue: out
(28:30 / All) Sinops17: i think those gryphs are confused
(28:36 / All) Sinops17: sexually
(28:54 / All) Sinops17: ill see you again yellow
(28:56 / All) Sinops17: and when i do
(28:57 / All) Queue: k
(28:59 / All) Sinops17: il probably lose again
(29:00 / All) Queue: I will wina gain
(29:05 / All) Queue: and my ally will stab
(29:06 / All) Sinops17: but
(29:06 / All) Sinops17: alas
(29:08 / All) Sinops17: who cares?
(29:09 / All) Queue: GTFO
(29:11 / All) Queue: nigger
(29:14 / All) Sinops17: because its a game of warcraft
(29:22 / All) Queue: out
(29:23 / All) Queue: faggot
(29:24 / All) Sinops17: i hope you do something productive with the rest of your time